 Dungeon Crawl Stone Soup version 0.26-a0-683-g5206c1d7ac (webtiles) character file.

Game seed: 3485339096149432584

7179 Racklesnatz the Spear-Bearer (level 10, -6/81 HPs)
             Began as a Minotaur Berserker on Oct 22, 2020.
             Was an Elder of Trog.
             Mangled by a basilisk (12 damage)
             ... on level 9 of the Dungeon.
             The game lasted 00:42:13 (7512 turns).

Racklesnatz the Spear-Bearer (Minotaur Berserker)   Turns: 7512, Time: 00:42:14

Health: -6/81      AC: 17    Str: 23    XL:     10   Next: 86%
Magic:  12/12      EV:  8    Int:  4    God:    Trog [****..]
Gold:   163        SH:  9    Dex: 12    Spells: 13/13 levels left

rFire    . . .     SeeInvis .   C - +2 trident (venom)
rCold    + . .     Faith    .   H - +0 kite shield
rNeg     . . .     Spirit   .   o - +0 storm dragon scales
rPois    .         Reflect  .   (helmet restricted)
rElec    +         Harm     .   s - +1 cloak
rCorr    .         Rampage  .   w - +0 pair of gloves
MR       +....                  (no boots)
Stlth    ..........             (no amulet)
HPRegen  0.23/turn              d - ring of protection from magic
MPRegen  0.13/turn              c - ring of protection from cold

@: berserk cooldown, slowed, very slow
A: retaliatory headbutt, beak, horns 2, blink, frail 1, no potion heal 1
a: Blink, Berserk, Trog's Hand, Brothers in Arms, Renounce Religion


You were on level 9 of the Dungeon.
You worshipped Trog.
Trog was greatly pleased with you.
You visited 1 branch of the dungeon, and saw 9 of its levels.
You also visited: Ossuary.

You collected 324 gold pieces.
You spent 161 gold pieces at shops.

Inventory:

Hand Weapons
 j - a +0 hunting sling
 t - a +3 spear of flaming
 C - a +2 trident of venom (weapon)
Missiles
 i - a boomerang
 A - 4 throwing nets (quivered)
Armour
 o - +0 storm dragon scales (worn)
 s - a +1 cloak (worn)
 w - a +0 pair of gloves (worn)
 D - a +4 scale mail of poison resistance
 H - a +0 kite shield (worn)
Jewellery
 a - an uncursed ring of flight
 b - a +6 ring of intelligence
 c - a ring of protection from cold (right hand)
 d - a ring of protection from magic (left hand)
 h - an uncursed ring of stealth
 m - an uncursed ring of wizardry
 G - an uncursed ring of flight
Wands
 k - a wand of polymorph (23)
 v - a wand of iceblast (15)
 E - a wand of disintegration (13)
Scrolls
 f - a scroll of amnesia
 l - 7 scrolls of remove curse
 n - 2 scrolls of teleportation
 p - 4 scrolls of enchant armour
 r - a scroll of identify
 u - 2 scrolls of fog
 y - 2 scrolls of enchant weapon
 F - a scroll of magic mapping
 I - a scroll of brand weapon {unknown}
 J - a scroll of immolation {unknown}
Potions
 e - a potion of degeneration
 g - 3 potions of curing
 q - 3 potions of lignification
 x - 5 potions of flight
 z - a potion of ambrosia
 B - a potion of stabbing {unknown}


   Skills:
 + Level 9.2 Fighting
   Level 2.7 Short Blades
   Level 4.5 Maces & Flails
 + Level 12.0 Polearms
 + Level 3.1(4.1) Slings
 + Level 3.7(4.2) Throwing
 + Level 8.6 Armour
 + Level 5.2 Dodging
 + Level 3.3 Stealth
 + Level 3.4 Shields
 + Level 2.1 Spellcasting
 + Level 3.0 Evocations


You had 13 spell levels left.
You didn't know any spells.
Your spell library contained the following spells:

 Spells                   Type           Power        Failure   Level
 Blink                    Tloc           N/A          100%        2
 Gell's Gravitas          Tloc           #.........   100%        3
 Lesser Beckoning         Tloc           #.........   100%        3
 Teleport Other           Tloc           #.......     100%        3
 Passage of Golubria      Tloc           N/A          100%        4


Dungeon Overview and Level Annotations

Branches:
Dungeon (9/15)             Temple (0/1) D:7         Ossuary (visited)
   Lair: D:8-11         Orc: D:9-12

Altars:
Dithmenos
Fedhas
Gozag
Hepliaklqana
Kikubaaqudgha
Nemelex Xobeh
Okawaru
Ru
Uskayaw
Vehumet
Wu Jian
Xom

Shops:
D:5 ?   D:8 ([


Innate Abilities, Weirdness & Mutations

You reflexively headbutt those who attack you in melee.
You have a pair of horns on your head.
You have a beak for a mouth.
You can translocate small distances at will.
You are frail. (-10% HP)
Potions are less effective at restoring your health.


Message History

Your system partially rejects the healing.
You feel better.
You are engulfed in noxious fumes.
The swamp drake bites you but does no damage.
The basilisk is engulfed in noxious fumes.
You closely miss the swamp drake. You headbutt the swamp drake!
Your peck misses the swamp drake.
The swamp drake is heavily wounded.
You block the swamp drake's attack. The swamp drake closely misses you.
You furiously retaliate!
You headbutt the swamp drake, but do no damage.
You fail to use your ability.
The swamp drake bites you.
* * * LOW HITPOINT WARNING * * *
Okay, then.
You puncture the basilisk!
The basilisk is poisoned.
The basilisk is moderately wounded.
The swamp drake breathes noxious fumes at you.
The noxious blast engulfs you but does no damage.
The basilisk is engulfed in noxious fumes.
The basilisk appears confused.
The basilisk bites you!
You die...

#.. ### # ... ## ####
....##. ### ####...
..l....##○### ##
###...###
.........k○○###.###.†####
# ###......○@l.###.....#
##.#.###○○.......### # #.
###.#####.# ## ### ###


You could see a basilisk (confused, very poisoned) and a swamp drake (catching
breath).

Vanquished Creatures
  Harold (D:7)
  A komodo dragon (D:9)
  A basilisk (D:9)
  Menkaure (D:7)
  Duvessa (D:7)
  An orc warrior (D:6)
  3 sky beasts
  A black bear (D:8)
  A phantom (D:5)
  An eye of draining (D:9)
  2 ice beasts (D:7)
  4 ogres
  3 centaurs
  2 elf zombies (D:4)
  3 bullfrogs
  A gnoll sergeant (D:9)
  A water moccasin zombie (D:5)
  4 elf skeletons (D:4)
  A scorpion (D:4)
  Dowan (D:7)
  3 wights (D:8)
  2 hounds
  2 jellies
  Crazy Yiuf (D:4)
  2 orc priests
  A bullfrog skeleton (D:8)
  5 orc wizards
  5 worker ants
  A killer bee zombie (D:7)
  2 big kobold zombies (Ossuary)
  A centaur simulacrum (D:9)
  2 hound zombies
  2 hound skeletons
  2 mummies (Ossuary)
  Robin (D:3)
  11 gnolls
  9 adders
  2 shadow imps
  2 white imps (D:6)
  2 ufetubi (D:6)
  7 oozes
  An adder skeleton (D:6)
  4 adder zombies (Ossuary)
  3 worms
  6 leopard geckos
  15 orcs
  A ball python (D:5)
  5 giant cockroaches
  18 goblins
  12 hobgoblins
  5 jackals
  5 kobolds
  2 quokkas (D:3)
  3 bats
  4 frilled lizards
  5 hobgoblin zombies (Ossuary)
  2 jackal skeletons
  8 kobold zombies (Ossuary)
  5 orc zombies (Ossuary)
  A quokka skeleton (D:8)
  15 rats
219 creatures vanquished.

Vanquished Creatures (others)
  A wyvern (D:9)
  4 plants
5 creatures vanquished.

Grand Total: 224 creatures vanquished

Notes
Turn   | Place    | Note
-------+----------+-------------------------------------------
     0 | D:1      | Racklesnatz the Minotaur Berserker began the quest for the
                  | Orb.
     0 | D:1      | Reached XP level 1. HP: 19/19 MP: 0/0
    59 | D:1      | Reached XP level 2. HP: 23/27 MP: 1/1
   261 | D:1      | Reached XP level 3. HP: 33/33 MP: 2/2
   335 | D:1      | Reached skill level 1 in Short Blades
   339 | D:1      | Reached ** piety under Trog
  1317 | D:3      | Found a shadowy altar of Dithmenos.
  1371 | D:3      | Reached XP level 4. HP: 40/40 MP: 3/3
  1407 | D:3      | Noticed Robin
  1424 | D:3      | Killed Robin
  1899 | D:3      | Reached *** piety under Trog
  1899 | D:3      | Reached XP level 5. HP: 47/47 MP: 4/4
  2347 | D:3      | Found a hazy altar of Hepliaklqana.
  2630 | D:4      | Reached skill level 1 in Polearms
  2721 | D:4      | Reached skill level 1 in Stealth
  2789 | D:4      | Noticed an ogre
  2797 | D:4      | Reached XP level 6. HP: 55/55 MP: 5/5
  2801 | D:4      | Reached skill level 5 in Fighting
  2801 | D:4      | Reached skill level 2 in Polearms
  2824 | D:4      | Reached skill level 1 in Throwing
  2847 | D:4      | Found a sand-covered staircase.
  2856 | D:4      | Reached skill level 3 in Polearms
  2856 | D:4      | Reached XP level 7. HP: 45/61 MP: 6/6
  2860 | Ossuary  | Entered an ossuary
  2921 | Ossuary  | Reached skill level 5 in Armour
  2937 | Ossuary  | Reached **** piety under Trog
  3062 | D:4      | Reached skill level 4 in Polearms
  3081 | D:4      | Reached skill level 5 in Polearms
  3530 | D:4      | Got a smoking robe
  3532 | D:4      | Identified the cursed +0 robe of Insecurity {rF+ MP+9 Dex-4
                  | Stlth+} (You found it on level 4 of the Dungeon)
  3608 | D:4      | Found a runed translucent door.
  3609 | D:4      | Noticed Crazy Yiuf
  3616 | D:4      | Killed Crazy Yiuf
  3616 | D:4      | Reached XP level 8. HP: 70/70 MP: 7/7
  3753 | D:4      | Reached skill level 6 in Polearms
  3800 | D:5      | Entered Level 5 of the Dungeon
  4054 | D:5      | Reached skill level 7 in Polearms
  4161 | D:5      | Found Duododept's Magic Scroll Shop.
  4169 | D:5      | Bought a scroll of enchant armour for 105 gold pieces
  4169 | D:5      | Bought a scroll of identify for 28 gold pieces
  4169 | D:5      | Bought a scroll of identify for 28 gold pieces
  4700 | D:6      | Reached skill level 8 in Polearms
  4728 | D:6      | Reached ***** piety under Trog
  5362 | D:6      | Found a radiant altar of Vehumet.
  5363 | D:6      | Found an ornate altar of the Wu Jian Council.
  5363 | D:6      | Found an ancient bone altar of Kikubaaqudgha.
  5366 | D:6      | Found a hide-covered altar of Uskayaw.
  5718 | D:6      | Reached XP level 9. HP: 75/78 MP: 8/8
  5731 | D:6      | Reached skill level 9 in Polearms
  5763 | D:6      | Found an iron altar of Okawaru.
  5954 | D:7      | Noticed Menkaure
  5982 | D:7      | Killed Menkaure
  6042 | D:7      | Gained mutation: Potions are less effective at restoring
                  | your health. [potion of mutation]
  6042 | D:7      | Gained mutation: You are frail. (-10% HP) [potion of
                  | mutation]
  6042 | D:7      | Gained mutation: You can translocate small distances at
                  | will. [potion of mutation]
  6042 | D:7      | Gained mutation: You have a beak for a mouth. [potion of
                  | mutation]
  6045 | D:7      | Reached skill level 11 in Polearms
  6045 | D:7      | Reached skill level 5 in Dodging
  6045 | D:7      | Reached XP level 10. HP: 81/81 MP: 8/12
  6168 | D:7      | Noticed Harold
  6192 | D:7      | Killed Harold
  6213 | D:7      | Noticed Dowan
  6217 | D:7      | Found a staircase to the Ecumenical Temple.
  6217 | D:7      | Noticed Duvessa
  6219 | D:7      | Killed Dowan
  6228 | D:7      | Killed Duvessa
  6265 | D:7      | Found a faded altar of an unknown god.
  6265 | D:7      | Found an opulent altar of Gozag.
  6271 | D:7      | Found a faded altar of an unknown god.
  6273 | D:7      | Found a sacrificial altar of Ru.
  6275 | D:7      | Found a sparkling altar of Nemelex Xobeh.
  6324 | D:7      | Found a blossoming altar of Fedhas.
  6619 | D:8      | Found Aqomung's Antique Weapon Shop.
  6661 | D:8      | Found Bent's Armour Boutique.
  6769 | D:8      | Found a shimmering altar of Xom.
  6774 | D:8      | Found a shimmering altar of Xom.
  6774 | D:8      | Found a shimmering altar of Xom.
  6774 | D:8      | Found a shimmering altar of Xom.
  6779 | D:8      | Found a shimmering altar of Xom.
  7485 | D:9      | Reached skill level 12 in Polearms
  7512 | D:9      | Mangled by a basilisk

Illustrated notes

Levels and vault maps discovered:
D:1:      dpeg_arrival_more_subterranean_lakeside_camping, layout_rooms,
          fountainhead
D:2:      layout_loops_cross
D:3:      layout_loops_ring, lemuel_coloured_pillars_altar,
          lemuel_crystal_altar, uniq_robin
D:4:      cheibrodos_old_hovel, layout_loops_ring,
          nicolae_ossuary_entry_catacombs, grunt_ministairs_2,
          uniq_crazy_yiuf_cottage
D:5:      layout_basic, serial_shops, nicolae_shop_trees
D:6:      layout_gridville, minitemple, okawaru_altar_gauntlet_db
D:7:      layout_cave_pools, chequers_temple_overflow_minitemple,
          marbit_many_paths, minmay_temple_entry_overgrown,
          minmay_strange_pillars, uniq_harold, uniq_duvessa, uniq_menkaure
D:8:      layout_loops_ring, xom_redecorated, serial_shops,
          nicolae_shop_statue_plus, shop
D:9:      layout_long_grid, erik_lair_dragon, special_room [special_room_orc],
          minmay_three_doors, uniq_maggie, uniq_maurice

Skill      XL: |  1  2  3  4  5  6  7  8  9 10 |
---------------+-------------------------------+-----
Maces & Flails | 4 |  4.5
Fighting       | 4 5 6 9 |  9.2
Short Blades   | 1 2 |  2.7
Armour         | 3 4 5 6 8 |  8.6
Polearms       | 1 3 5 8 11 12 | 12.0
Stealth        | 1 3 |  3.3
Throwing       | 1 2 3 |  3.7
Dodging        | 3 5 |  5.2
Slings         | 3 |  3.1
Shields        | 3 |  3.4
Spellcasting   | 2 |  2.1
Evocations     | 3 |  3.0

Action                   |  1- 3 |  4- 6 |  7- 9 | 10-12 || total
-------------------------+-------+-------+-------+-------++-------
Melee: Short sword       |    83 |    27 |       |       ||   110
       Headbutt          |    17 |    17 |    44 |    28 ||   106
       Spear             |       |    95 |   242 |       ||   337
       Trident           |       |       |    68 |   114 ||   182
       Peck              |       |       |       |    22 ||    22
Throw: Boomerang         |       |     9 |     3 |       ||    12
Invok: Berserk           |       |     3 |     4 |     2 ||     9
       Trog's Hand       |       |       |       |     2 ||     2
  Use: Potion            |     3 |       |    10 |     1 ||    14
       Scroll            |       |     3 |    10 |       ||    13
Armor: Animal skin       |     3 |       |       |       ||     3
       Ring mail         |     8 |       |       |       ||     8
       Storm dragon scal |     3 |    54 |   129 |    29 ||   215
Dodge: Dodged            |    45 |    47 |    86 |    31 ||   209
Block: Kite shield       |       |       |       |     6 ||     6

Table legend: (Time is in decaauts)
 A = Elapsed time spent in this place.
 B = Non-inter-level travel time spent in this place.
 C = Inter-level travel time spent in this place.
 D = Time resting spent in this place.
 E = Time spent auto-exploring this place.
 F = Levels seen in this place.
 G = Mean time per level.
                   A        B        C        D        E       F      G
               +--------+--------+--------+--------+--------+-----+--------+
         Total |   7497 |   7227 |    270 |   1350 |   2762 |  10 |  749.7 |
       Dungeon |   7315 |   7045 |    270 |   1348 |   2762 |   9 |  812.8 |
       Ossuary |    181 |    181 |      0 |      2 |      0 |   1 |  181.0 |
               +--------+--------+--------+--------+--------+-----+--------+

Top non-repeatable levels by time:
     D:6: 1365 daAuts
     D:3: 1245 daAuts
     D:4: 1122 daAuts
     D:5: 771 daAuts
     D:8: 716 daAuts
     D:2: 661 daAuts
     D:1: 623 daAuts
     D:7: 607 daAuts
     D:9: 202 daAuts
 Ossuary: 181 daAuts
